 Dungeon Crawl Stone Soup version 0.19.0-19-g8c6edcc (webtiles) character file.

18 Leibowitz the Sneak (level 2, 0/15 HPs)
             Began as a Kobold Enchanter on Nov 13, 2016.
             Succumbed to an adder's poison
             ... on level 2 of the Dungeon.
             The game lasted 00:02:08 (1105 turns).

Leibowitz the Sneak (Kobold Enchanter)              Turns: 1105, Time: 00:02:09

Health: 0/15       AC:  3    Str:  5    XL:     2   Next: 85%
Magic:  1/5        EV: 12    Int: 16    God:
Gold:   63         SH:  6    Dex: 15    Spells: 2 memorised, 2 levels left

rFire  . . .     SeeInvis .     a - +1 dagger
rCold  . . .     Gourm    .     b - +1 robe
rNeg   . . .     Faith    .     i - +0 shield
rPois  .         Spirit   .     (no helmet)
rElec  .         Reflect  .     (no cloak)
rCorr  .         Harm     .     (no gloves)
MR     .....                    (no boots)
Stlth  +++.......               (no amulet)
                                (no ring)
                                (no ring)

@: lethally poisoned (0 -> -7), very slightly contaminated
A: carnivore 3
a: no special abilities


You were on level 2 of the Dungeon.
You were full.

You visited 1 branch of the dungeon, and saw 2 of its levels.

You collected 63 gold pieces.

Inventory:

Hand Weapons
 a - a +1 dagger (weapon)
Armour
 b - a +1 robe (worn)
 i - a +0 shield (worn)
Scrolls
 f - a scroll of recharging {unknown}
 g - a scroll of remove curse {unknown}
 h - 2 scrolls of teleportation {unknown}
 j - a scroll of identify {unknown}
 k - a scroll of enchant armour {unknown}
 l - a scroll of magic mapping {unknown}
Potions
 e - 2 potions of degeneration {unknown}
 m - a potion of brilliance {unknown}
Books
 c - a book of Maledictions

   Spells                             Type                      Level
   a - Corona                         Hexes                        1
   b - Ensorcelled Hibernation        Hexes/Ice                    2
   c - Confuse                        Hexes                        3
   d - Tukima's Dance                 Hexes                        3
   e - Dazzling Spray                 Conjuration/Hexes            3
Comestibles
 d - 3 meat rations


   Skills:
 + Level 2.0 Short Blades
 + Level 2.7 Dodging
 + Level 4.5 Stealth
 + Level 2.3 Spellcasting
 + Level 3.1 Hexes


You had 2 spell levels left.
You knew the following spells:

 Your Spells              Type           Power        Failure   Level  Hunger
a - Corona                Hex            ##.....      41%         1    #......
b - Ensorcelled Hibernat  Hex/Ice        #.....       93%         2    ###....


Dungeon Overview and Level Annotations

Branches:
Dungeon (2/15)

Altars:


Innate Abilities, Weirdness & Mutations

You are small and have problems with some larger weapons.
You are carnivorous and can eat meat at any time.


Message History

Casting: Ensorcelled Hibernation
Confirm with . or Enter, or press ? or * to list all spells.
Aiming: Corona
Press: ? - help, Shift-Dir - straight line, f/p - adder
Aim: an adder (chance to defeat MR: 55%)
You miscast Corona.
Nothing appears to happen.
The adder closely misses you.
You completely miss the adder. The adder bites you but does no damage.
You closely miss the adder. The adder bites you. The adder closely misses you.
You hit the adder but do no damage. The adder bites you but does no damage.
You hit the adder but do no damage. The adder bites you. The adder misses you.
Your shield prevents you from hitting the adder.
The adder bites you but does no damage.
You closely miss the adder. The adder bites you.
You miss the adder. The adder bites you but does no damage.
You closely miss the adder. The adder bites you. x2
* * * LOW HITPOINT WARNING * * *
You are lethally poisoned!
The adder poisons you!
You barely miss the adder.
You die...

#..# #..## #..###.###..#
#...........#
#.#########'## ..#
##...## .## ##.....##
..## #.......## .#.
...####.........###.....
......+.........@S......
...####.........###.....
.....###.......## ...
.###.# ##.....## # .#
#.# ##...## .# #.# ##+#
.###.# #.#
.....######.## ....#..
.....#####


You could see an adder.

Vanquished Creatures
  A giant cockroach (D:1)
  A goblin (D:1)
  2 hobgoblins
  2 bats (D:1)
  2 frilled lizards (D:1)
  6 kobolds (D:1)
  4 rats
18 creatures vanquished.

Notes
Turn   | Place    | Note
-------+----------+-------------------------------------------
     0 | D:1      | Leibowitz the Kobold Enchanter began the quest for the Orb.
     0 | D:1      | Reached XP level 1. HP: 10/10 MP: 3/3
   391 | D:1      | Reached XP level 2. HP: 15/15 MP: 5/5
   395 | D:1      | Learned a level 2 spell: Ensorcelled Hibernation
  1105 | D:2      | Succumbed to an adder's poison

Skill      XL: |  1  2 |
---------------+-------+-----
Short Blades   | 2 |  2.0
Dodging        | |  2.7
Stealth        | |  4.5
Spellcasting   | |  2.3
Hexes          | |  3.1

Action                   || total
-------------------------++-------
Melee: Dagger            ||    68
 Cast: Ensorcelled Hiber ||     4
 Stab: Sleeping          ||     5
  Eat: Chunk             ||     5
Armor: Robe              ||    16
Dodge: Dodged            ||    33
Block: Shield            ||     6
